[Event "Late-Titled-Tuesday-Blitz-October-17-2023"]
[Site "Chess.com"]
[Date "2023.10.17"]
[Round "4"]
[White "The_Machine04"]
[Black "Smiechu"]
[Result "1-0"]
[WhiteElo "2716"]
[BlackElo "2510"]
[TimeControl "180+1"]
[EndTime "14:38:40 PDT"]
[Termination "The_Machine04 won by resignation"]

1. d4 Nf6 2. Nf3 c5 3. e3 g6 4. Nbd2 d6 5. Be2 Bg7 6. O-O O-O 7. b3 b6 8. Bb2 Bb7 9. c4 Ne4 10. Rb1 Nd7 11. Qc2 Nxd2 12. Nxd2 cxd4 13. exd4 e5 14.
Ne4 Nf6 15. Nxd6 Qxd6 16. dxe5 Be4 17. Qxe4 Nxe4 18. exd6 Nd2 19. Bxg7 Kxg7 20. Rbd1 Nxf1 21. Kxf1 Rfd8 22. b4 Rac8 23. Rd5 a5 24. bxa5 Rc5 25. a6 Rxd5 26. cxd5 Rxd6 27. a7 Rd8 28. d6 Ra8 29.
d7 Kf8 30. Bf3 Rd8 31. a8=Q Rxa8 32. Bxa8 Ke7 33. Bd5 Kxd7 34. Bxf7 Kc6 35. Bg8 h6 36. Bf7 g5 37. Ke2 Kb5 38. Kf3 Kb4 39. Kg4 1-0

[Event "Late-Titled-Tuesday-Blitz-October-17-2023"]
[Site "Chess.com"]
[Date "2023.10.17"]
[Round "4"]
[White "krzyzan94"]
[Black "Zq1"]
[Result "0-1"]
[WhiteElo "2769"]
[BlackElo "2537"]
[TimeControl "180+1"]
[EndTime "14:38:42 PDT"]
[Termination "Zq1 won on time"]

1. e4 c5 2. Nf3 d6 3. d4 cxd4 4.
Nxd4 Nf6 5. Nc3 Nc6 6. Bc4 Bd7 7.
O-O g6 8. Nxc6 Bxc6 9. Re1 Bg7 10.
a4 O-O 11. a5 Rc8 12. Bb3 Nd7 13.
Be3 Nc5 14. Bd5 e6 15. Bxc5 dxc5 16. Bxc6 Rxc6 17. e5 Qd4 18. Re4 Qd8 19. Qe2 Qc7 20. Nb5 Qb8 21. f4 Rd8 22. Rd1 Bf8 23. Na3 Rcc8 24. Nc4 Rxd1+ 25. Qxd1 Rd8 26. Qe1 b5 27.
axb6 axb6 28. Re2 Rd4 29. Re4 Qd8 30. Kf2 b5 31. Na3 c4 32. Nxb5 Rxe4 33. Qxe4 Qb6+ 34. Nd4 Bc5 35. c3 Qxb2+ 36. Kf3 Qxc3+ 37. Kg4 Qxd4 38. Qa8+ Kg7 39. g3 h5+ 40. Kh3 Qd5 41. Qb8 c3 0-1

[Event "Late-Titled-Tuesday-Blitz-October-17-2023"]
[Site "Chess.com"]
[Date "2023.10.17"]
[Round "4"]
[White "SergioMoralesG"]
[Black "TheMagician"]
[Result "0-1"]
[WhiteElo "2421"]
[BlackElo "2197"]
[TimeControl "180+1"]
[EndTime "14:38:42 PDT"]
[Termination "TheMagician won by checkmate"]

1. d4 Nf6 2. c4 g6 3. Nc3 Bg7 4. e4 d6 5. Be2 c5 6. Nf3 Qa5 7. O-O Bg4 8. Be3 Bxf3 9. Bxf3 cxd4 10. Bxd4 Nc6 11. Be3 Ne5 12. Be2 Rc8 13. Rc1 h5 14. h3 O-O 15. b3 a6 16. f4 Ned7 17. a4 Nc5 18. Bf3 Qb4 19. Bxc5 Qxc5+ 20. Kh1 Qe3 21. f5 Rc5 22. Nd5 Nxd5 23. exd5 Be5 24. Rg1 Qf4 25. g3 Qxf5 26. Qe2 Qxh3+ 27. Qh2 Qxh2+ 28. Kxh2 Kg7 29. Kg2 f5 30. Rce1 a5 31. Bd1 Kf6 32. Bc2 Rcc8 33. Re2 Kg5 34. Rf1 Rf6 35. Rh1 b6 36. Ree1 Rcf8 37. Re2 f4 38. gxf4+ Rxf4 39. Rg1 Rg4+ 40. Kh1 Rxg1+ 41. Kxg1 Kh6 42. Kg2 g5 43. Re1 g4 44.
Rf1 Rxf1 45. Kxf1 Kg5 46. Kg2 Kf4 47. Kf2 h4 48. Bg6 h3 49. Bf7 g3+ 50. Kg1 Bd4+ 51. Kh1 g2+ 52. Kh2 g1=Q+ 53. Kxh3 Qg3# 0-1

[Event "Late-Titled-Tuesday-Blitz-October-17-2023"]
[Site "Chess.com"]
[Date "2023.10.17"]
[Round "4"]
[White "BogdanDeac"]
[Black "cassoulet"]
[Result "0-1"]
[WhiteElo "2981"]
[BlackElo "2797"]
[TimeControl "180+1"]
[EndTime "14:38:44 PDT"]
[Termination "cassoulet won on time"]

1. d4 Nf6 2. c4 g6 3. Nc3 d5 4.
cxd5 Nxd5 5. Bd2 Bg7 6. e4 Nb6 7. Be3 O-O 8. h3 f5 9. exf5 gxf5 10. Qd2 Nc6 11. Nf3 Be6 12. Bh6 Bxh6 13. Qxh6 Rf6 14. Qd2 Bd5 15. Ne5 Qd6 16. O-O-O Rd8 17. f4 Nb4 18. Kb1 a6 19. Qe3 Kh8 20. Rh2 Bg8 21. g4 N6d5 22. Nxd5 Bxd5 23. b3 Be4+ 24. Kb2 Nd5 25. Qe1 Nxf4 26. Rf2 Nd5 27. gxf5 Bxf5 28. Bc4 Rdf8 29. Bxd5 Qxd5 30. Qc3 c6 31. Qg3 Bg6 32. Rxf6 Rxf6 33. Nxg6+ hxg6 34. Qe3 e6 35. Rd2 Kg7 36. Qg3 Rf7 37. h4 c5 38. Qc3 cxd4 39. Rxd4 Qe5 40. b4 Kh7 41. Kb3 a5 0-1

[Event "Late-Titled-Tuesday-Blitz-October-17-2023"]
[Site "Chess.com"]
[Date "2023.10.17"]
[Round "4"]
[White "Sacbutt"]
[Black "Nick12772"]
[Result "1-0"]
[WhiteElo "2224"]
[BlackElo "2378"]
[TimeControl "180+1"]
[EndTime "14:38:44 PDT"]
[Termination "Sacbutt won by resignation"]

1. e4 e6 2. d4 d5 3. e5 c5 4. c3 Bd7 5. Nf3 Qb6 6. a4 c4 7. Nbd2 Nc6 8. b4 cxb3 9. Qxb3 Qxb3 10. Nxb3 Rc8 11. Bd3 g6 12. h4 h5 13. O-O Nh6 14. Ba3 Be7 15. Rfc1 b6 16. Ba6 Rc7 17. Bd6 Nb8 18.
Bxc7 Nxa6 19. Bd6 Bxd6 20. exd6 Nf5 21. a5 b5 22. Nc5 Nb8 23. a6 Nxd6 24. Ne5 Bc8 25.
Nb7 Nf5 26. Rcb1 Nxh4 27. Rxb5 O-O 28. Nc5 f6 29. Rxb8 fxe5 30. dxe5 Nf5 31. Rab1 Ne7 32. R1b7 Nc6 33. Rxc8 Rxc8 34. Nxe6 Nxe5 35. Rxa7 Rxc3 36. Rg7+ Kh8 37. a7 Ra3 38. Re7 Nc6 39. Re8+ Kh7 40.
a8=Q Rxa8 41. Rxa8 d4 42. Rc8 Ne7 43. Rc7 1-0

[Event "Late-Titled-Tuesday-Blitz-October-17-2023"]
[Site "Chess.com"]
[Date "2023.10.17"]
[Round "4"]
[White "egnfanclub"]
[Black "Teidi96"]
[Result "1-0"]
[WhiteElo "2369"]
[BlackElo "2205"]
[TimeControl "180+1"]
[EndTime "14:38:46 PDT"]
[Termination "egnfanclub won by resignation"]

1. e4 c5 2. Nc3 g6 3. f4 Nc6 4.
Nf3 Bg7 5. Bc4 e6 6. f5 Nge7 7. fxe6 dxe6 8. d3 O-O 9. O-O Nd4 10. Bg5 a6 11. Qd2 Qc7 12. Nxd4 Bxd4+ 13. Kh1 Nc6 14. a4 Bg7 15. Bf4 Qe7 16. Qf2 b6 17. Qg3 Rd8 18.
Bg5 f6 19. Be3 Kh8 20. Ne2 e5 21. Nc3 Be6 22. Nd5 Bxd5 23. Bxd5 Rac8 24. Qf2 Nb4 25. Bc4 Rb8 26. Rad1 Rdc8 27. c3 b5 28. axb5 axb5 29.
cxb4 bxc4 30. Bxc5 Qe6 31. dxc4 Qxc4 32. Rd7 Qxe4 33. Rfd1 h5 34. h3 Rb7 35. Qd2 Rxd7 36.
Qxd7 Ra8 37. Qf7 Qc2 38. Rd7 Qc1+ 39. Bg1 Rg8 40. Qxg6 Qxb2 41. Qxh5+ 1-0

[Event "Late-Titled-Tuesday-Blitz-October-17-2023"]
[Site "Chess.com"]
[Date "2023.10.17"]
[Round "4"]
[White "maciek_92"]
[Black "Baku_Boulevard"]
[Result "0-1"]
[WhiteElo "2842"]
[BlackElo "3014"]
[TimeControl "180+1"]
[EndTime "14:38:47 PDT"]
[Termination "Baku_Boulevard won on time"]

1. c4 c5 2. Nc3 g6 3. g3 Bg7 4. Bg2 Nc6 5. b3 e6 6. Ba3 d6 7. e3 Nge7 8. Nge2 O-O 9. O-O Qa5 10. Bb2 d5 11. cxd5 Nxd5 12. Na4 Bxb2 13. Nxb2 Rd8 14. a3 Qc7 15. Rc1 Qe7 16. Qc2 Na5 17. Rfd1 Bd7 18. d4 cxd4 19. Nxd4 Rac8 20. Qd2 Rxc1 21. Rxc1 Qxa3 22.
Bxd5 exd5 23. b4 Nb3 24. Nxb3 Qxb3 25. Qd4 Qa3 26. Nd3 Bf5 27. Rc3 Qa1+ 28. Kg2 Be4+ 29. f3 Bxd3 30. Rxd3 Qe1 31. g4 Rc8 32. Rd2 a6 33. g5 Qb1 34. Qxd5 Qxb4 35. Kg3 Qe7 36. e4 b5 37. h4 b4 38. h5 gxh5 39. Kh4 h6 40. f4 hxg5+ 41. fxg5 Rc5 42. Qa8+ Kg7 43. Rg2 Rc4 44. Kxh5 Qxe4 45. Qxe4 Rxe4 46. Ra2 b3 47. Rxa6 Rb4 48. Ra1 b2 49. Rb1 Kh7 50. g6+ fxg6+ 51. Kg5 Kg7 0-1

[Event "Late-Titled-Tuesday-Blitz-October-17-2023"]
[Site "Chess.com"]
[Date "2023.10.17"]
[Round "4"]
[White "elprimo2012mortis"]
[Black "DvaHrasta"]
[Result "1-0"]
[WhiteElo "2713"]
[BlackElo "2495"]
[TimeControl "180+1"]
[EndTime "14:38:47 PDT"]
[Termination "elprimo2012mortis won on time"]

1. e4 c6 2. d4 d5 3. e5 c5 4. dxc5 e6 5. a3 Bxc5 6. Nf3 Ne7 7. Bd3 Ng6 8. b4 Bb6 9. O-O Nc6 10. Bb2 O-O 11. c4 Nf4 12. c5 Bc7 13. Bc2 f6 14. exf6 gxf6 15. Nc3 e5 16. g3 Nh3+ 17. Kg2 Ne7 18. Nh4 d4 19. Qh5 f5 20. Kxh3 dxc3 21. Bxc3 Qd5 22. Rad1 Qf7 23. Qxf7+ Kxf7 24. Nf3 e4 25. Ne5+ Bxe5 26. Bxe5 Be6 27. Kg2 Rfd8 28. Rxd8 Rxd8 29. Rd1 Rxd1 30. Bxd1 Bd5 31. Kf1 Ke6 32. Bf4 Bc4+ 33. Ke1 Nd5 34. Kd2 a6 35. Ba4 Bb5 36. Bb3 Bc6 37. Bh6 Kf6 38. Bf4 Nc7 39. Bxc7 1-0

[Event "Late-Titled-Tuesday-Blitz-October-17-2023"]
[Site "Chess.com"]
[Date "2023.10.17"]
[Round "4"]
[White "Willychess95"]
[Black "szachmistrz2500"]
[Result "1-0"]
[WhiteElo "2664"]
[BlackElo "2425"]
[TimeControl "180+1"]
[EndTime "14:38:47 PDT"]
[Termination "Willychess95 won by resignation"]

1. e4 c5 2. Nf3 e6 3. g3 Nc6 4. Bg2 g6 5. O-O Bg7 6. c3 d5 7. d4 dxe4 8. Ng5 cxd4 9. Nxe4 Nf6 10. Nxf6+ Qxf6 11. cxd4 Qxd4 12. Qb3 O-O 13. Nc3 Qb4 14.
Qxb4 Nxb4 15. Rd1 e5 16. Bd2 Bg4 17. f3 Bf5 18. Ne4 Nc2 19. Rac1 Bxe4 20. fxe4 Rac8 21.
Bf1 Nd4 22. Be3 Rfd8 23. Bc4 h5 24. Kf2 a6 25. Bd5 b5 26. Bg5 Rxc1 27. Rxc1 Rd6 28.
Rc7 Ne6 29. Rc8+ Kh7 30. Be7 Rd7 31. Bb4 Bf6 32. Rc6 Kg7 33. Bxe6 fxe6 34. Rxa6 Rd4 35. Bc3 Rxe4 36. Rb6 Ra4 37. a3 Ra7 38. Rxb5 e4 39.
Bxf6+ Kxf6 40. Ke3 Ra4 41. Rb4 Ra5 42. a4 Ke5 43.
Rb5+ Rxb5 44. axb5 Kd5 45. b4 g5 46. h4 gxh4 47. gxh4 e5 48. b6 Kc6 49. Kxe4 Kxb6 50. Kxe5 Kb5 51. Kf5 Kxb4 52. Kg5 Kc5 53. Kxh5 Kd6 54.
Kg6 Ke7 55. Kg7 Ke6 56. h5 Kf5 57. h6 1-0

[Event "Late-Titled-Tuesday-Blitz-October-17-2023"]
[Site "Chess.com"]
[Date "2023.10.17"]
[Round "4"]
[White "sergiochess83"]
[Black "zajka-molotok"]
[Result "1-0"]
[WhiteElo "2852"]
[BlackElo "2555"]
[TimeControl "180+1"]
[EndTime "14:38:49 PDT"]
[Termination "sergiochess83 won on time"]

1. d4 Nf6 2. c4 e6 3. Nc3 Bb4 4. e3 O-O 5. Bd3 c5 6. Ne2 cxd4 7. exd4 d5 8. cxd5 Nxd5 9. a3 Nxc3 10. bxc3 Be7 11.
O-O Nc6 12. c4 Bf6 13. Be3 b6 14. Be4 Bb7 15. Qd3 g6 16. Rab1 Qd7 17. Rfd1 Rfd8 18. Rb5 Rac8 19. h3 Ba6 20. Bg5 Bxg5 21. Rxg5 Na5 22.
Nf4 Bxc4 23. Qg3 Bb3 24. Rd2 Nc4 25. Re2 Bd1 26. Re1 Ba4 27. d5 exd5 28. Bxd5 Re8 29. Rxg6+ hxg6 30. Qxg6+ Kf8 31. Qh6+ Kg8 32. Qg5+ Kf8 33.
Ng6+ Kg7 34. Ne5+ Kf8 35. Nxd7+ 1-0

[Event "Late-Titled-Tuesday-Blitz-October-17-2023"]
[Site "Chess.com"]
[Date "2023.10.17"]
[Round "4"]
[White "miraitrunks"]
[Black "venturov"]
[Result "1/2-1/2"]
[WhiteElo "2209"]
[BlackElo "2447"]
[TimeControl "180+1"]
[EndTime "14:38:50 PDT"]
[Termination "Game drawn by repetition"]

1. e4 Nf6 2. e5 Nd5 3. c4 Nb6 4. c5 Nd5 5. d4 d6 6. cxd6 exd6 7.
Nf3 Nc6 8. Bc4 Be6 9. Qb3 dxe5 10. Qxb7 Na5 11. Qb5+ c6 12. Qa4 Bb4+ 13. Bd2 Nb6 14.
Qxb4 Naxc4 15. Nxe5 Nxe5 16. dxe5 Bc4 17. Nc3 Qd3 18.
O-O-O Qg6 19. Be3 Bd5 20. Bxb6 axb6 21. Nxd5 cxd5 22. Qb5+ Kf8 23. Rxd5 Rc8+ 24. Kd1 Qc2+ 25. Ke1 Qe4+ 26. Kd1 Qb1+ 27. Ke2 Qxh1 28. Qd7 Rc2+ 29. Kf3 g6 30. Qd8+ Kg7 31. Qf6+ Kh6 32. Qh4+ Kg7 33.
Qf6+ Kh6 34. Qh4+ Kg7 35. Qf6+ 1/2-1/2

[Event "Late-Titled-Tuesday-Blitz-October-17-2023"]
[Site "Chess.com"]
[Date "2023.10.17"]
[Round "4"]
[White "matagordo"]
[Black "Langua_Chess"]
[Result "0-1"]
[WhiteElo "2280"]
[BlackElo "2476"]
[TimeControl "180+1"]
[EndTime "14:38:50 PDT"]
[Termination "Langua_Chess won on time"]

1. d4 d5 2. Bf4 c5 3. e3 Nc6 4.
Nf3 Qb6 5. Nc3 Qa5 6. dxc5 Nf6 7. a3 Ne4 8. Qxd5 Nxc3 9. Qd2 Ne4 10. Qxa5 Nxa5 11. b4 Nc6 12. Bd3 f5 13. Bxe4 fxe4 14.
Ng5 Bf5 15. O-O-O h6 16. Nh3 g5 17. Bg3 Bg7 18. Ng1 a6 19. h4 Kf7 20. f3 exf3 21.
gxf3 Rad8 22. Rf1 Ne5 23. e4 Be6 24. f4 gxf4 25. Bxf4 Kg6 26. Ne2 Nc4 27. Bc7 Rd7 28. Nf4+ Kf7 29. Nh5+ Bf6 30. Bf4 Ke8 31. Rhg1 Bb2+ 32.
Kb1 Bf7 33. Ng3 Bd4 34. Rg2 Nxa3+ 35. Kc1 Nc4 36. Nf5 Bb2+ 37. Kb1 Bf6 0-1

[Event "Late-Titled-Tuesday-Blitz-October-17-2023"]
[Site "Chess.com"]
[Date "2023.10.17"]
[Round "4"]
[White "esskeettit"]
[Black "GaiozNigalidze"]
[Result "0-1"]
[WhiteElo "2498"]
[BlackElo "2707"]
[TimeControl "180+1"]
[EndTime "14:38:51 PDT"]
[Termination "GaiozNigalidze won on time"]

1. d4 d5 2. c4 e6 3. Nc3 Be7 4.
cxd5 exd5 5. Nf3 Nf6 6. Bg5 O-O 7. Qc2 c6 8. e3 Nbd7 9. Bd3 Re8 10. O-O Nf8 11.
h3 Ng6 12. Rab1 a5 13. a3 Bd6 14. b4 axb4 15. axb4 b5 16. Ne2 Bd7 17. Nc1 Ra4 18.
Qc3 Qe7 19. Bc2 Rxb4 20. Bb3 h6 21. Bxf6 Qxf6 22. Nd3 Rc4 23. Bxc4 bxc4 24. Nde1 Bf5 25. Rb6 Be4 26. Nd2 Bc7 27. Nxe4 Rxe4 28. Ra6 Qd6 29. f4 Nh4 30. Nf3 Nf5 31. Re1 f6 32. Qc2 g6 33.
Qc3 Kf7 34. Nd2 Re7 35. e4 Qxf4 36. Nf3 dxe4 37. Qxc4+ Kg7 38. Rxc6 Rf7 39. Nh2 Qxh2+ 0-1

[Event "Late-Titled-Tuesday-Blitz-October-17-2023"]
[Site "Chess.com"]
[Date "2023.10.17"]
[Round "4"]
[White "scandalgod"]
[Black "Chempiblinka"]
[Result "1-0"]
[WhiteElo "2495"]
[BlackElo "2279"]
[TimeControl "180+1"]
[EndTime "14:38:51 PDT"]
[Termination "scandalgod won on time"]

1. d4 Nf6 2. c4 g6 3. Nc3 Bg7 4. e4 d6 5. f4 O-O 6. Nf3 Na6 7. Bd3 e5 8. fxe5 dxe5 9. d5 Nc5 10. Bc2 a5 11. O-O Ne8 12. Be3 b6 13. Kh1 Nd6 14. b3 f5 15. Qe2 fxe4 16. Ng5 Bf5 17. Bxc5 Qxg5 18. Be3 Qh4 19. Rae1 Bg4 20. Qd2 Nf5 21.
Bf2 Qh5 22. Nxe4 Bh6 23. Qc3 Bf4 24. Bg1 Nd4 25. Rxf4 Rxf4 26. Be3 Ne2 27. Qd2 Rxe4 28. Rxe2 Bxe2 29. Bxe4 Rf8 30. h3 Rf1+ 31. Kh2 Bg4 32. d6 cxd6 33. Qxd6 Rd1 34. Qe7 Bf5 35. Bd5+ Rxd5 36.
cxd5 Qd1 37. Bh6 1-0

[Event "Late-Titled-Tuesday-Blitz-October-17-2023"]
[Site "Chess.com"]
[Date "2023.10.17"]
[Round "4"]
[White "Mikhail_Golubev"]
[Black "FuenfgegenWilly"]
[Result "0-1"]
[WhiteElo "2552"]
[BlackElo "2382"]
[TimeControl "180+1"]
[EndTime "14:38:54 PDT"]
[Termination "FuenfgegenWilly won by resignation"]

1. e4 e5 2. Nf3 Nc6 3. Bc4 Nf6 4.
Ng5 d5 5. exd5 b5 6. Bf1 h6 7. Nxf7 Kxf7 8. dxc6 Bc5 9. d4 Bxd4 10. Nc3 Ng4 11. Qf3+ Ke8 12. Be3 Rf8 13. Qe2 Rxf2 14.
Bxf2 Bxf2+ 15. Qxf2 Nxf2 16. Kxf2 Qd4+ 17. Ke1 b4 18.
Rd1 Qe3+ 19. Ne2 Ba6 20. h4 Rd8 21. Rxd8+ Kxd8 22. Rh3 Qe4 23. Kd2 Qxc6 24. Re3 Qd5+ 25. Ke1 Qxa2 26. Rxe5 Qb1+ 27. Kf2 Qxb2 28. Rd5+ Kc8 29.
Nd4 Bxf1 30. Kxf1 Qc1+ 31. Ke2 Qf4 32. Rd8+ Kb7 33. Kd3 Qg3+ 34. Kc4 Qxh4 35. Kb5 Qxd8 36.
Nc6 Qd5+ 0-1

[Event "Late-Titled-Tuesday-Blitz-October-17-2023"]
[Site "Chess.com"]
[Date "2023.10.17"]
[Round "4"]
[White "Alex_Sahakyan2006"]
[Black "Road2GM3000"]
[Result "1-0"]
[WhiteElo "2765"]
[BlackElo "2399"]
[TimeControl "180+1"]
[EndTime "14:38:55 PDT"]
[Termination "Alex_Sahakyan2006 won on time"]

1. d4 d5 2. Nf3 Nf6 3. c4 c6 4. e3 a6 5. Rg1 Bf5 6. Nc3 e6 7. a3 Nbd7 8. h3 h5 9. Nh4 Bh7 10. g4 Ne4 11. Nf3 Nxc3 12. bxc3 Nf6 13. Ne5 Ne4 14.
Qb3 Rb8 15. Ra2 Bd6 16. Nd3 Qe7 17. c5 Bc7 18. f3 Qh4+ 19. Kd1 Ng3 20. Nf2 hxg4 21.
hxg4 f5 22. gxf5 Bxf5 23. e4 dxe4 24. fxe4 Nxe4 25. Nxe4 Qxe4 26. Re2 Bg4 27. Rxg4 Qxg4 28. Kc2 Rh6 29. Bxh6 gxh6 30. Qxe6+ Qxe6 31. Rxe6+ Kd7 32. Bh3 Rf8 33. Rxh6+ Kd8 34. Rh7 Ba5 35. Rd7+ Ke8 36.
Rxb7 Rf3 37. Bd7+ Kd8 38. Bxc6 Rxc3+ 39. Kb2 Kc8 40. Ra7 Rd3 41. d5 Bd8 42. d6 Bf6+ 43.
Kc2 Rc3+ 44. Kd2 Rb3 45. Ra8+ Rb8 46. Rxa6 Bd4 47. Ra5 Rb3 48. d7+ Kc7 49. Ra7+ Kxc6 50. d8=Q 1-0

[Event "Late-Titled-Tuesday-Blitz-October-17-2023"]
[Site "Chess.com"]
[Date "2023.10.17"]
[Round "4"]
[White "Inepton_Fermion"]
[Black "NateSolon"]
[Result "0-1"]
[WhiteElo "2380"]
[BlackElo "2620"]
[TimeControl "180+1"]
[EndTime "14:38:56 PDT"]
[Termination "NateSolon won on time"]

1. Nf3 d5 2. b3 Bg4 3. Bb2 Nd7 4. d3 Ngf6 5. Nbd2 e6 6. h3 Bh5 7. g4 Bg6 8. Bg2 h6 9. O-O Bd6 10. Re1 O-O 11. e4 dxe4 12. dxe4 e5 13. Nh4 Bh7 14. Nf5 Bc5 15. Nc4 Re8 16. Qf3 b5 17. Na5 Re6 18. Nb7 Qf8 19. Nxc5 Qxc5 20. Qe2 a5 21. a4 b4 22. Rad1 Nf8 23. Bc1 Rae8 24. Be3 Qc3 25. Rd3 Qc6 26. Rd5 Qa8 27. Rc5 Ng6 28. Rxc7 Nf4 29. Bxf4 exf4 30. Qc4 Bxf5 31. gxf5 R6e7 32. e5 Qb8 33. Rxe7 Rxe7 34. Qxf4 Nd7 35. f6 Rxe5 36. Rxe5 Nxe5 37. fxg7 Qd6 38. Qg3 Qd4 39. Kh2 Ng6 40. h4 Qxh4+ 41. Qxh4 Nxh4 42.
Be4 Kxg7 43. Kg3 Ng6 44. f4 Kf6 45. Kf3 h5 46. Bd5 Ne7 47. Bc4 Nf5 48. Bd5 Nd4+ 49. Ke4 Nxc2 50. Bc4 Ne1 0-1

[Event "Late-Titled-Tuesday-Blitz-October-17-2023"]
[Site "Chess.com"]
[Date "2023.10.17"]
[Round "4"]
[White "Defend1r"]
[Black "alexrustemov"]
[Result "0-1"]
[WhiteElo "2491"]
[BlackElo "2824"]
[TimeControl "180+1"]
[EndTime "14:38:58 PDT"]
[Termination "alexrustemov won by resignation"]

1. e4 e6 2. d4 d5 3. Nc3 dxe4 4.
Nxe4 Bd7 5. Nf3 Bc6 6. Bd3 Nd7 7. O-O Ngf6 8. Ng3 Be7 9. c3 O-O 10. Qe2 b6 11. Ne5 Bb7 12. Ba6 Bxa6 13. Qxa6 Nxe5 14.
dxe5 Nd7 15. Qe2 Nc5 16. Rd1 Qc8 17. Qg4 Rd8 18. Bh6 g6 19. Bg5 Rxd1+ 20. Rxd1 Qf8 21.
b4 Na4 22. Ne4 Rd8 23. Bxe7 Qxe7 24. g3 Kg7 25. h4 h5 26. Qf3 Rxd1+ 27. Qxd1 b5 28.
Qd4 Nb6 29. Nf6 c6 30. g4 hxg4 31. h5 Nd5 32. Nxd5 exd5 33. e6+ Kh7 34. hxg6+ fxg6 35. Qxg4 Kg7 36. Qd4+ Kh7 37. Qe5 Kh6 38. f4 Kh7 39. Kg2 Kg8 40. Qb8+ Kg7 41. Qe5+ Qf6 42. Kg3 Qxe5 43.
fxe5 Kf8 44. Kg4 Ke7 45. Kg5 Kxe6 46. Kxg6 Kxe5 47. Kf7 Ke4 48. Ke6 Kd3 49. Kd6 Kxc3 50. Kxc6 d4 51. Kxb5 d3 52. Ka6 d2 53. b5 d1=Q 54.
Kxa7 Qa4+ 55. Kb6 Kc4 0-1

[Event "Late-Titled-Tuesday-Blitz-October-17-2023"]
[Site "Chess.com"]
[Date "2023.10.17"]
[Round "4"]
[White "Resignify"]
[Black "dmarcolino"]
[Result "1/2-1/2"]
[WhiteElo "2325"]
[BlackElo "2098"]
[TimeControl "180+1"]
[EndTime "14:38:58 PDT"]
[Termination "Game drawn by repetition"]

1. e4 c6 2. Nc3 d5 3. d4 dxe4 4. Nxe4 Nd7 5. Nf3 Ngf6 6. Nxf6+ Nxf6 7. Bc4 Bf5 8. O-O e6 9. Re1 h6 10. Bf4 Bd6 11. Ne5 Nd5 12. Bd2 O-O 13. c3 Bxe5 14.
Rxe5 Bg6 15. Qf3 Qf6 16. Qg3 Rfd8 17. Rae1 Rac8 18. h4 c5 19. Bxd5 Rxd5 20. Rxd5 exd5 21. dxc5 d4 22. Bxh6 gxh6 23. h5 dxc3 24. bxc3 Rxc5 25. hxg6 Qxg6 26. Qxg6+ fxg6 27. Re7 Rxc3 28. Rxb7 Ra3 29. Rb2 Kf7 30. f3 Ke6 31. Kf2 Kd5 32. Kg3 Kc4 33.
Rc2+ Kd5 34. Kf4 Ra4+ 35. Kg3 a5 36. Rb2 Rb4 37. Rd2+ Ke5 38. Rc2 a4 39. Rc5+ Kd6 40.
Ra5 h5 41. Ra6+ Kc5 42. Rxg6 h4+ 43. Kh3 Rb2 44. Rg5+ Kd6 45. Kxh4 Rxa2 46. Ra5 a3 47. Ra4 Ra1 48. Ra8 a2 49. Kg3 Ke6 50. Ra6+ Kf7 51.
Ra7+ Kf8 52. Ra8+ Kf7 53. Ra7+ Kf8 54. Ra8+ Kf7 55. Ra7+ 1/2-1/2

[Event "Late-Titled-Tuesday-Blitz-October-17-2023"]
[Site "Chess.com"]
[Date "2023.10.17"]
[Round "4"]
[White "Semetey"]
[Black "gmcorrales"]
[Result "0-1"]
[WhiteElo "2549"]
[BlackElo "2850"]
[TimeControl "180+1"]
[EndTime "14:38:59 PDT"]
[Termination "gmcorrales won by resignation"]

1. a3 d5 2. d4 Bf5 3. Bf4 e6 4. e3 Bd6 5. Nf3 Bxf4 6. exf4 Nf6 7. Nbd2 h6 8. Ne5 O-O 9. Ndf3 Be4 10. Be2 Bxf3 11. Bxf3 c6 12. Qd3 Nbd7 13. g4 c5 14. g5 hxg5 15. fxg5 Nxe5 16. dxe5 Nd7 17. Qe3 Qc7 18.
O-O-O Qxe5 19. Qd2 Qf5 20. Bg2 Ne5 21. f4 Ng6 22.
Rdf1 Nh4 23. Qf2 Nxg2 24. Qxg2 b5 25. Rf3 b4 26. a4 c4 27. Re1 b3 28. c3 Rad8 29. Re5 Qg6 30. h4 d4 31. h5 Qxh5 32. Rh3 Qg6 33. f5 exf5 34. Qh2 Qxg5+ 35. Kb1 g6 36. Re1 f4 37. cxd4 Kg7 38. Rh7+ Kf6 39. Rf1 Rxd4 40. Rh4 Rfd8 41. Rhxf4+ Rxf4 42. Qh1 Qf5+ 0-1

[Event "Late-Titled-Tuesday-Blitz-October-17-2023"]
[Site "Chess.com"]
[Date "2023.10.17"]
[Round "4"]
[White "ozates"]
[Black "Necromon"]
[Result "1-0"]
[WhiteElo "2712"]
[BlackElo "2503"]
[TimeControl "180+1"]
[EndTime "14:38:59 PDT"]
[Termination "ozates won on time"]

1. g3 e6 2. Bg2 Nf6 3. Nf3 d5 4. O-O Be7 5. d3 O-O 6. Nbd2 c5 7. e4 dxe4 8. dxe4 Nc6 9. Qe2 b6 10. Rd1 Bb7 11. Nc4 Qc8 12. Bf4 Nh5 13. Bd6 Ba6 14.
e5 g6 15. Nfd2 Bxd6 16. exd6 Nd4 17. Qe4 Rb8 18. c3 Bb7 19. Qd3 Bxg2 20. Kxg2 Nc6 21. Ne4 f5 22. Ng5 Qd7 23. Qe3 Nf6 24. Qxe6+ Qxe6 25.
Nxe6 Rfe8 26. Nf4 Rbd8 27. a4 Kf7 28. Rd3 g5 29. Nd5 Re2 30. Rad1 Ne4 31. Rf3 Kg6 32. b4 h5 33. b5 Na5 34. Ne5+ Kh7 35. Rxf5 Rxd6 36.
Rf7+ Kh8 37. Kf3 Rxf2+ 38. Kxe4 Re2+ 39. Kf5 1-0

[Event "Late-Titled-Tuesday-Blitz-October-17-2023"]
[Site "Chess.com"]
[Date "2023.10.17"]
[Round "4"]
[White "mind1mover"]
[Black "GM_dmitrij"]
[Result "1-0"]
[WhiteElo "2913"]
[BlackElo "3036"]
[TimeControl "180+1"]
[EndTime "14:39:00 PDT"]
[Termination "mind1mover won on time"]

1. Nf3 Nf6 2. b3 d5 3. Bb2 Bg4 4. e3 Nbd7 5. c4 e6 6. cxd5 exd5 7. Be2 c6 8. h3 Bh5 9. a3 Be7 10. d3 O-O 11. Nbd2 a5 12. O-O Re8 13. Re1 h6 14. Qc2 Nf8 15. Bc3 Ne6 16. b4 axb4 17. axb4 Qb6 18.
Qb2 Nc7 19. Reb1 Nb5 20. Be5 Kh7 21. Nb3 Nd7 22. Bxg7 f6 23. Nc5 Rxa1 24. Rxa1 Nxc5 25. bxc5 Qd8 26. Nh4 Bxe2 27. Qxe2 Rg8 28. Bxh6 Qe8 29. Bf4 Bxc5 30. d4 Bd6 31. Qd3+ Qe4 32. Qd1 Bxf4 33. exf4 Nxd4 34. Qh5+ Kg7 35. f5 Kf8 36. Ra8+ 1-0

[Event "Late-Titled-Tuesday-Blitz-October-17-2023"]
[Site "Chess.com"]
[Date "2023.10.17"]
[Round "4"]
[White "karinachess1"]
[Black "kiwibobo"]
[Result "1-0"]
[WhiteElo "2609"]
[BlackElo "2303"]
[TimeControl "180+1"]
[EndTime "14:39:01 PDT"]
[Termination "karinachess1 won by resignation"]

1. d4 Nf6 2. c4 g6 3. g3 c6 4. Bg2 d5 5. b3 Bg7 6. Nf3 O-O 7.
O-O dxc4 8. bxc4 c5 9. Bb2 cxd4 10. Nxd4 Qb6 11. Qc1 Bd7 12. Rd1 Nc6 13. c5 Qc7 14.
Nb5 Qc8 15. N1c3 a6 16. Na3 Na5 17. Qe3 e5 18. Rac1 Bc6 19. Qxe5 Bxg2 20. Kxg2 Qc6+ 21. Kg1 Ne4 22. Qf4 Nxc5 23. Nd5 Ne6 24. Ne7+ Kh8 25. Bxg7+ Kxg7 26. Qe5+ f6 27. Nxc6 fxe5 28. Nxa5 Rac8 29. Nxb7 Rxc1 30. Rxc1 Rb8 31. Nc5 Nd4 32. Kf1 Rb2 33.
Nc4 Rxa2 34. Nxe5 Rxe2 35. Ne6+ Kf6 36. Nxd4 Rxe5 37. Rc6+ Kg7 38. Rxa6 Re4 39. Nf3 Rc4 40.
Kg2 Rc2 41. h4 h5 42. Ng5 Kh6 43. Ra8 Rc5 44. Ra7 Rc7 45. Nf7+ Rxf7 46. Rxf7 1-0

[Event "Late-Titled-Tuesday-Blitz-October-17-2023"]
[Site "Chess.com"]
[Date "2023.10.17"]
[Round "4"]
[White "Joshukid"]
[Black "AlexandraBotez"]
[Result "1-0"]
[WhiteElo "2549"]
[BlackElo "2346"]
[TimeControl "180+1"]
[EndTime "14:39:02 PDT"]
[Termination "Joshukid won on time"]

1. Nf3 Nf6 2. c4 c5 3. b3 Nc6 4. Bb2 d6 5. g3 e5 6. Bg2 Be7 7. O-O O-O 8. e3 Ne4 9. d3 Ng5 10. Nxg5 Bxg5 11. Nc3 f5 12. Nd5 Be6 13. a3 Kh8 14. b4 cxb4 15. axb4 Bxd5 16. Bxd5 Nxb4 17.
Bxb7 Rb8 18. Bg2 Qb6 19. Bc3 a5 20. d4 e4 21. Qa4 Rfc8 22. Qxa5 Qxa5 23. Rxa5 Rxc4 24.
Bxb4 Rcxb4 25. Rxf5 h6 26. Bxe4 Rb2 27. h4 Bf6 28. h5 Ra2 29. Rd5 Rb6 30. Rc1 Kg8 31.
Bg6 Kf8 32. Rc7 Rbb2 33. Rf7+ Kg8 34. Rf5 Ra1+ 35. Kg2 Rbb1 36. Rd7 Rb6 37. Rd5 Raa6 38. Bd3 Ra2 39. Bc4 Rab2 40. R5xd6+ Kf8 41. Rf7+ Ke8 42. Rxb6 Rxb6 43. Ra7 Rb4 44. Bf7+ Kf8 45. Bg6 Rb2 46. g4 Bg5 47. Kg3 Rb1 48. f4 Rg1+ 49. Kf2 Rxg4 50. fxg5 Rxg5 51. Rf7+ 1-0